 Dungeon Crawl Stone Soup version 0.25.0-9-g26727b657a (webtiles) character file.

Game seed: 12801247473015212865

118 HungrySpirit the Stinger (level 5, 0/33 HPs)
             Began as an Octopode Venom Mage on June 16, 2020.
             Engulfed by Ijyb's poison gas (8 damage)
             ... on level 3 of the Dungeon.
             The game lasted 00:04:04 (2665 turns).

HungrySpirit the Stinger (Octopode Venom Mage)      Turns: 2665, Time: 00:04:05

Health: 0/33       AC:  1    Str:  5 (7)  XL:     5   Next: 2%
Magic:  6/8        EV: 13    Int: 17 (19) God:
Gold:   100        SH:  0    Dex: 12      Spells: 8/9 levels left

rFire    . . .     SeeInvis .     - Unarmed
rCold    . . .     Gourm    .   (no shield)
rNeg     + . .     Faith    .   (helmet restricted)
rPois    .         Spirit   .   (no amulet)
rElec    .         Reflect  .   l - ring of positive energy
rCorr    .         Harm     .   (no ring)
MR       .....                  (no ring)
Stlth    ++........             (no ring)
HPRegen  0.11/turn              (no ring)
MPRegen  0.11/turn              (no ring)
                                (no ring)
                                (no ring)

@: confused, lethally poisoned (0 -> -61), stab
A: almost no armour, stealthy swim, amphibious, 8 rings, constrict 8, camouflage
1, gelatinous body 1
a: no special abilities


You were on level 3 of the Dungeon.
You were not hungry.

You visited 1 branch of the dungeon, and saw 3 of its levels.

You collected 100 gold pieces.

Inventory:

Missiles
 a - 58 arrows
Jewellery
 l - a ring of positive energy (left tentacle)
 n - an uncursed ring of see invisible {unknown}
Scrolls
 d - 2 scrolls of fear {unknown}
 e - a scroll of amnesia {unknown}
 f - a scroll of remove curse {unknown}
 g - a scroll of enchant weapon {unknown}
 h - a scroll of random uselessness {unknown}
 i - a scroll of teleportation {unknown}
 m - 2 scrolls of identify {unknown}
Potions
 c - a potion of degeneration
Comestibles
 b - 4 rations


   Skills:
 + Level 1.6 Fighting
 - Level 2.0 Dodging
 - Level 2.6 Stealth
 + Level 1.5 Unarmed Combat
 + Level 2.5 Spellcasting
 - Level 2.0 Transmutations
 * Level 4.8 Poison Magic


You had 8 spell levels left.
You knew the following spells:

 Your Spells              Type           Power        Failure   Level  Hunger
a - Sting                 Tmut/Pois      ##..         4%          1    #......

Your spell library contained the following spells:

 Spells                   Type           Power        Failure   Level  Hunger
 Poisonous Vapours        Pois/Air       ##....       11%         2    ##.....
 Ignite Poison            Fire/Tmut/Pois #.......     22%         3    ###....
 Olgreb's Toxic Radiance  Pois           ###.....     24%         4    #####..
 Mephitic Cloud           Conj/Pois/Air  #.......     28%         3    ###....


Dungeon Overview and Level Annotations

Branches:
Dungeon (3/15)

Altars:
Makhleb
Nemelex Xobeh

Annotations:
D:3 Ijyb


Innate Abilities, Weirdness & Mutations

You cannot wear most types of armour.
You are very stealthy in the water. (Stealth+)
You are amphibious.
You can wear up to eight rings at the same time.
You can use your tentacles to constrict eight enemies at once.
Your skin changes colour to match your surroundings (Stealth+).
Your rubbery body absorbs attacks. (AC +1, EV +1)


Message History

Ijyb creates a blast of freezing vapour!
You are engulfed in poison gas.
You are lethally poisoned!
You feel very sick.
Unknown command.
It was a potion of stabbing.
You feel ready to backstab.
You are engulfed in poison gas.
You are more poisoned.
You feel very sick.
Ijyb zaps a wand.
Ijyb creates a blast of poison gas!
The now-empty wand crumbles to dust.
It was a potion of ambrosia.
You are confused.
You feel invigorated.
You are engulfed in poison gas.
You are more poisoned.
* * * LOW HITPOINT WARNING * * *
x2 You feel very sick.
You are engulfed in poison gas.
You are more poisoned.
You die...

#.#.#.#..#............
#.#.#....#............ .#
#.#......#............
...###.#.######............
.......#§§§§§...........#.#
.........§§§.....÷.......
.........§§§.............
##..######§##############
......§§§§g§§@§...(... #
#..#####§###§......#
......§§§.........#
#..####§###.......# #§#
#..?....# #.# #.....(.# #.#
#.......# #.# #.####### #.#
#.#


You could see Ijyb (poisoned).

Vanquished Creatures
  A hound (D:2)
  Jessica (D:3)
  An ooze (D:1)
  A worm (D:2)
  3 giant cockroaches
  6 goblins
  4 hobgoblins
  10 jackals
  A quokka (D:2)
  A ball python (D:1)
  10 bats
  3 frilled lizards
  2 kobolds
  2 rats
46 creatures vanquished.

Notes
Turn   | Place    | Note
-------+----------+-------------------------------------------
     0 | D:1      | HungrySpirit the Octopode Venom Mage began the quest for
                  | the Orb.
     0 | D:1      | Reached XP level 1. HP: 11/11 MP: 3/3
   274 | D:1      | Reached XP level 2. HP: 12/17 MP: 5/5
   282 | D:1      | Reached skill level 4 in Poison Magic
   551 | D:1      | HP: 1/27 [jackal (1)]
   998 | D:1      | Reached XP level 3. HP: 16/22 MP: 6/6
  1158 | D:1      | Found a sparkling altar of Nemelex Xobeh.
  1377 | D:2      | Reached skill level 1 in Fighting
  1786 | D:2      | Found a burning altar of Makhleb.
  1795 | D:2      | Reached skill level 1 in Unarmed Combat
  1795 | D:2      | Reached XP level 4. HP: 17/28 MP: 3/7
  2639 | D:3      | Noticed Jessica
  2642 | D:3      | Noticed Ijyb
  2652 | D:3      | Killed Jessica
  2652 | D:3      | Reached XP level 5. HP: 32/33 MP: 5/8
  2665 | D:3      | Engulfed by Ijyb's poison gas

Illustrated notes

Levels and vault maps discovered:
D:1:      wander_arrival_desolate, layout_basic, nemelex_altar_shiori
D:2:      layout_loops_ring, chequers_big_river, makhleb_blood_cavern_becter
D:3:      layout_basic, chequers_ecumenical_altar_island, uniq_grinder,
          uniq_ijyb, uniq_jessica

Skill      XL: |  1  2  3  4 |
---------------+-------------+-----
Poison Magic   | 4 |  4.8
Fighting       | 1 |  1.6
Unarmed Combat | 1 |  1.5
Transmutations | 2 |  2.0
Dodging        | |  2.0
Stealth        | |  2.6
Spellcasting   | |  2.5

Action                   |  1- 3 |  4- 6 || total
-------------------------+-------+-------++-------
Melee: Unarmed           |    93 |    39 ||   132
       Tentacles         |    17 |     7 ||    24
       Constrict         |    18 |    11 ||    29
       Punch             |     1 |       ||     1
 Cast: Sting             |    15 |    12 ||    27
  Use: Potion            |     2 |     2 ||     4
 Stab: Sleeping          |     4 |     1 ||     5
  Eat: Chunk             |     3 |     3 ||     6
Armor: Skin              |    22 |     4 ||    26
Dodge: Dodged            |    88 |    21 ||   109
